 Dungeon Crawl Stone Soup version 0.20-a0-263-g81abdfb (webtiles) character file.

1052 Coron the Reanimator (level 8, 0/68 HPs)
             Began as a Deep Dwarf Necromancer on Dec 4, 2016.
             Slain by an ogre
             ... wielding a +0 giant club
             ... summoned by Xom
              (7 damage)
             ... on level 5 of the Dungeon.
             The game lasted 00:24:20 (4999 turns).

Coron the Reanimator (Deep Dwarf Necromancer)       Turns: 4999, Time: 00:24:20

Health: 0/68       AC:  6    Str: 14    XL:     8   Next: 5%
Magic:  14/14      EV:  8    Int: 16    God:    Xom [.*....]
Gold:   272        SH:  0    Dex: 13    Spells: 11/15 levels left

rFire  + . .     SeeInvis .     o - +0 mace
rCold  . . .     Gourm    .     J - +1 ring mail {MR+}
rNeg   . . .     Faith    .     (no shield)
rPois  .         Spirit   .     (no helmet)
rElec  .         Reflect  .     (no cloak)
rCorr  .         Harm     .     (no gloves)
MR     ++...                    (no boots)
Stlth  +.........               (no amulet)
                                G - ring of protection from fire
                                K - -3 ring of evasion (curse)

@: non-regenerating
A: damage resistance, recharge devices, sense surroundings 1, slow regeneration
3
a: Device Recharging, Renounce Religion


You were on level 5 of the Dungeon.
You worshipped Xom.
You were a plaything of Xom.
You were not hungry.

You visited 1 branch of the dungeon, and saw 6 of its levels.

You collected 272 gold pieces.

Inventory:

Hand Weapons
 n - a +0 long sword
 o - a +0 mace (weapon)
Missiles
 e - 6 exploding tomahawks (quivered)
Armour
 a - a +0 robe
 p - a +0 chain mail
 y - a +0 leather armour of fire resistance
 B - a +0 scale mail
 C - a +0 shield
 J - a +1 ring mail of magic resistance (worn)
Jewellery
 v - an uncursed ring of positive energy
 G - a ring of protection from fire (right hand)
 K - a cursed -3 ring of evasion (left hand)
 M - an uncursed ring of positive energy
Wands
 c - a wand of heal wounds (3/9)
 u - a wand of lightning (4/15)
 z - a wand of flame (24/48)
 H - a wand of iceblast (8/15)
 I - a wand of lightning (6/15)
Scrolls
 f - a scroll of identify
 j - a scroll of magic mapping
 m - 2 scrolls of remove curse {unknown}
 q - a scroll of fear {unknown}
 t - a scroll of amnesia {unknown}
 w - a scroll of enchant weapon {unknown}
 D - a scroll of blinking {unknown}
Potions
 g - 2 potions of curing {unknown}
 h - 3 potions of berserk rage
 i - 3 potions of flight
 k - 2 potions of might {unknown}
 r - a potion of invisibility {unknown}
 s - 2 potions of heal wounds {unknown}
 E - a potion of mutation {unknown}
 N - a potion of lignification {unknown}
Books
 b - a book of Necromancy

   Spells                             Type                      Level
   a - Pain                           Necromancy                   1
   b - Animate Skeleton               Necromancy                   1
   c - Vampiric Draining              Necromancy                   3
   d - Regeneration                   Charms/Necromancy            3
   e - Animate Dead                   Necromancy                   4
   f - Control Undead                 Necromancy                   4
 x - a book of Debilitation

   Spells                             Type                      Level
   a - Corona                         Hexes                        1
   b - Slow                           Hexes                        2
   c - Gell's Gravitas                Hexes/Translocation          3
   d - Inner Flame                    Hexes/Fire                   3
   e - Cause Fear                     Hexes                        4
   f - Leda's Liquefaction            Hexes/Earth                  4
Comestibles
 d - 3 bread rations
 l - 4 slices of pizza
 A - 3 fruits
 F - a beef jerky


   Skills:
 - Level 2.7 Fighting
 + Level 3.5 Armour
 - Level 2.2 Dodging
 - Level 2.4 Stealth
 - Level 4.3 Spellcasting
 - Level 8.3 Necromancy


You had 11 spell levels left.
You knew the following spells:

 Your Spells              Type           Power        Failure   Level  Hunger
a - Pain                  Necr           ####         1%          1    None
b - Vampiric Draining     Necr           ####......   3%          3    ###....


Dungeon Overview and Level Annotations

Branches:
Dungeon (6/15)
 Temple: D:4-7

Altars:
Fedhas
Qazlal
Xom


Innate Abilities, Weirdness & Mutations

You are resistant to damage.
You can recharge devices by infusing magical energy.
You passively map a small area around you.
You do not regenerate.


Message History

The worker ant bites you but does no damage.
The quokka bites you but does no damage.
The worker ant closely misses you. The worker ant closely misses you.
The worker ant bites you but does no damage.
The worker ant bites you.
Press: ? - help, v - describe, . - travel
Here: a worker ant (summoned)
The floor.
The worker ant completely misses you.
A leopard gecko zombie comes into view.
The quokka degenerates into a cloud of primal chaos!
The ogre hits you with a giant club!!
* * * LOW HITPOINT WARNING * * *
Xom is mildly amused.
There is a stone staircase leading up here.
The worker ant disappears in a puff of smoke!
The ogre hits you with a giant club!
You die... "Huh?
Did I miss anything?"

, * * , ,, ,, *#########*
,, * #....(..#*, * *
#...[...#*, , * #.#
#.......####.# * ###.###
#............. ,
#.....####.......##### .# ,
#.#........§O@..># .# * *
#.#.#.###.Z......# ####.#
#.#....##.######## #....#
#.#.#..##.# #.#..*
#.#.#..##.# #...#######
#.........# *#....)....
####.#.#.## #..###).##
#.#.#.## #####..###..##
#.#..#.#######......#......


You could see an ogre and a leopard gecko zombie.

Vanquished Creatures
  Sigmund (D:6)
  An ice beast (D:6)
  An ogre (D:6)
  A centaur (D:3)
  A wyvern skeleton (D:6)
  A scorpion (D:4)
  A howler monkey (D:4)
  A crimson imp (D:5)
  A hound (D:4)
  3 orc priests
  2 orc wizards (D:4)
  Terence (D:3)
  2 worker ants
  A howler monkey zombie (D:5)
  2 worker ant zombies
  4 adders
  4 gnolls (D:5)
  An ooze (D:3)
  An adder skeleton (D:4)
  2 worms (D:2)
  A dart slug (D:1)
  2 leopard geckos
  8 orcs
  2 ball pythons (D:1)
  3 giant cockroaches
  6 hobgoblins
  A quokka (D:2)
  8 bats
  4 frilled lizards
  4 goblins
  3 jackal skeletons (D:4)
  6 kobolds
  4 rats
84 creatures vanquished.

Vanquished Creatures (collateral kills)
  A hound (D:6)
  A giant cockroach (D:6)
2 creatures vanquished.

Grand Total: 86 creatures vanquished

Notes
Turn   | Place    | Note
-------+----------+-------------------------------------------
     0 | D:1      | Coron the Deep Dwarf Necromancer began the quest for the Orb.
     0 | D:1      | Reached XP level 1. HP: 15/15 MP: 3/3
   457 | D:1      | Reached XP level 2. HP: 22/22 MP: 1/4
   743 | D:1      | Reached skill level 5 in Necromancy
  1213 | D:2      | Reached skill level 1 in Fighting
  1292 | D:2      | Reached XP level 3. HP: 27/31 MP: 0/6
  1327 | D:2      | Reached skill level 1 in Armour
  1332 | D:2      | Learned a level 3 spell: Vampiric Draining
  2190 | D:3      | Found a shimmering altar of Xom.
  2190 | D:3      | Found a stormy altar of Qazlal.
  2252 | D:3      | Became a worshipper of Xom of Chaos
  2287 | D:3      | Found a faded altar of an unknown god.
  2333 | D:3      | Reached XP level 4. HP: 30/38 MP: 0/7
  2343 | D:3      | XOM: harmless Air miscast
  2480 | D:3      | XOM: divination: detect creatures
  2528 | D:3      | XOM: divination: detect items
  2615 | D:3      | Noticed a centaur
  2626 | D:3      | Killed a centaur
  2626 | D:3      | Reached XP level 5. HP: 35/44 MP: 0/9
  2733 | D:3      | Noticed Terence
  2738 | D:3      | Killed Terence
  2849 | D:2      | XOM: divination: detect items
  2890 | D:3      | XOM: confuse monster(s)
  2960 | D:2      | XOM: cloud trail
  2987 | D:3      | Reached XP level 6. HP: 25/51 MP: 1/12
  3083 | D:3      | Upgraded the game from 0.20-a0-261-gcb1eca7 to 0.20-a0-263-g81abdfb
  3088 | D:3      | XOM: harmless Tmut miscast
  3247 | D:4      | XOM: harmless Fire miscast
  3565 | D:4      | XOM: silly message
  3566 | D:4      | XOM: divination: detect items
  3575 | D:4      | Reached skill level 6 in Necromancy
  3939 | D:4      | XOM: harmless Erth miscast
  3998 | D:4      | XOM: harmless Hex miscast
  4083 | D:4      | XOM: harmless Summ miscast
  4095 | D:4      | XOM: divination: detect creatures
  4134 | D:4      | Reached XP level 7. HP: 52/57 MP: 6/13
  4177 | D:4      | XOM: harmless Summ miscast
  4313 | D:5      | Entered Level 5 of the Dungeon
  4313 | D:5      | Found a blossoming altar of Fedhas.
  4342 | D:5      | XOM is BORED!
  4342 | D:5      | XOM: silly message
  4366 | D:5      | You fall through a shaft!
  4377 | D:6      | XOM: enchant monster (good)
  4380 | D:6      | Reached skill level 7 in Necromancy
  4397 | D:6      | XOM: cast spell 'Call Canine Familiar'
  4519 | D:6      | XOM: silly message
  4601 | D:6      | Reached skill level 8 in Necromancy
  4742 | D:6      | Noticed Sigmund
  4750 | D:6      | Killed Sigmund
  4750 | D:6      | Reached XP level 8. HP: 58/68 MP: 1/14
  4963 | D:5      | XOM: summons 3 hostile shadow creatures
  4999 | D:5      | Slain by an ogre

Vault maps used:
D:1:      minmay_arrival_pointy, serial_park_tiny_1
D:3:      gammafunk_temple_overflow_pools, chequers_ecumenical_altar_twisty,
          first_bread, uniq_terence
D:5:      nicolae_overflow_hidden_temple
D:6:      uniq_sigmund

Skill      XL: |  1  2  3  4  5  6  7 |
---------------+----------------------+-----
Necromancy     | 5 6 8 |  8.3
Spellcasting   | 2 3 4 |  4.3
Fighting       | 1 2 |  2.7
Armour         | 3 |  3.5
Dodging        | |  2.2
Stealth        | |  2.4

Action                   |  1- 3 |  4- 6 |  7- 9 || total
-------------------------+-------+-------+-------++-------
Melee: Short sword       |    14 |       |       ||    14
       Spear             |     4 |       |       ||     4
       Mace              |    32 |    38 |   113 ||   183
 Cast: Pain              |    63 |    30 |     3 ||    96
       Vampiric Draining |     7 |    32 |    14 ||    53
Evoke: Wand              |       |       |     2 ||     2
  Use: Scroll            |     1 |     3 |       ||     4
 Stab: Sleeping          |     1 |     1 |       ||     2
  Eat: Chunk             |     7 |     8 |     1 ||    16
       Meat ration       |       |       |     1 ||     1
Armor: Robe              |     7 |       |       ||     7
       Leather armour    |     5 |    21 |       ||    26
       Ring mail         |       |     3 |   101 ||   104
Dodge: Dodged            |    44 |    53 |    94 ||   191
